 Dungeon Crawl Stone Soup version 0.30-a0-847-g17996783a1 (webtiles) character file.

Game seed: 4994662518646869900

70 cforsyth the Sneak (level 4, -6/28 HPs)
             Began as a Kobold Brigand on Mar 4, 2023.
             Mangled by Terence
             ... wielding a +1 falchion of electrocution
              (14 damage)
             ... on level 2 of the Dungeon.
             The game lasted 00:02:15 (1905 turns).

cforsyth the Sneak (Kobold Brigand)                 Turns: 1905, Time: 00:02:16

Health: -6/28      AC:  5    Str:  8    XL:     4   Next: 44%
Magic:  4/4        EV: 15    Int: 12    God:
Gold:   89         SH:  0    Dex: 18    Spells: 3/3 levels left

rFire   . . .      SeeInvis .    a - +2 dagger
rCold   . . .      Faith    .    (no shield)
rNeg    . . .      Spirit   .    b - +0 robe
rPois   .          Reflect  .    (no helmet)
rElec   .          Rampage  .    c - +0 cloak
rCorr   .                        t - +0 pair of gloves
Will    .....                    s - +0 pair of boots
Stlth   ++++                     (no amulet)
HPRegen 0.24/turn                (no ring)
MPRegen 0.09/turn                (no ring)

@: hasted, very quick
A: small, no large weapons, nightstalker 3
a: no special abilities


You were on level 2 of the Dungeon.
You visited 1 branch of the dungeon, and saw 2 of its levels.

You collected 89 gold pieces.

Inventory:

Hand Weapons
 a - a +2 dagger (weapon)
Missiles
 d - 9 poisoned darts (quivered)
 e - 3 curare-tipped darts
Armour
 b - a +0 robe (worn)
 c - a +0 cloak (worn)
 s - a +0 pair of boots (worn)
 t - a +0 pair of gloves (worn)
Jewellery
 h - a ring of magical power
 p - a ring of protection from cold
 u - a ring of poison resistance
Scrolls
 f - a scroll of immolation {unknown}
 i - a scroll of enchant weapon {unknown}
 k - 2 scrolls of teleportation {unknown}
 m - 2 scrolls of enchant armour {unknown}
 n - 6 scrolls of identify {unknown}
 o - a scroll of summoning {unknown}
Potions
 g - a potion of flight {unknown}
 j - a potion of degeneration {unknown}
 l - a potion of magic {unknown}
 q - a potion of ambrosia {unknown}
 r - a potion of haste
 v - a potion of curing


   Skills:
 + Level 3.0 Fighting
 + Level 3.7 Short Blades
 - Level 2.1 Throwing
 + Level 2.5 Dodging
 + Level 6.0 Stealth


You had 3 spell levels left.
You didn't know any spells.
Your spell library was empty.

Dungeon Overview and Level Annotations

Branches:
Dungeon (2/15)

Altars:

Annotations:
D:2 Terence


Innate Abilities, Weirdness & Mutations

You are small and have problems with some larger weapons.
You are completely attuned to the shadows.


Message History

Terence hits you with a +1 falchion of electrocution.
You completely miss Terence.
Terence is moderately wounded.
Terence barely misses you.
You hit Terence but do no damage.
Terence is moderately wounded.
Terence hits you with a +1 falchion of electrocution!
You hit Terence.
Terence is heavily wounded.
Terence hits you with a +1 falchion of electrocution!
* * * LOW HITPOINT WARNING * * *
You are too injured to fight recklessly!
You are too injured to fight recklessly!
You are too injured to fight recklessly!
You are too injured to fight recklessly!
You are too injured to fight recklessly!
You are too injured to fight recklessly!
You are too injured to fight recklessly!
You are too injured to fight recklessly!
You are too injured to fight recklessly!
You are too injured to fight recklessly!
You are too injured to fight recklessly!
It was a potion of haste.
You feel yourself speed up. Terence barely misses you.
You hit Terence.
Terence is heavily wounded.
You barely miss Terence.
Terence is heavily wounded.
Terence barely misses you.
You barely miss Terence.
Terence is heavily wounded.
Terence looks scornfully at you. Terence barely misses you.
You hit Terence.
Terence is severely wounded.
You closely miss Terence.
Terence is severely wounded.
Terence hits you but does no damage.
You are electrocuted!
Ouch! That really hurt!
You die...

####. #. #. #. ....
#. #.##.... #.
#.#..#. #. #.#@###.
##. #.#@.#.. ##.#
######.......
.####.##
########...##.##.###
....[##
#.............# .#
#####.##
#.#.#####.###.# .#
##.# #.#.#...#.# #.#
##. #.#.#.#.#.# #.#
#. #.#.#.#.#.# #.#
###) #.#.).#.# #...


You could see Terence.

Vanquished Creatures
  Robin (D:1)
  2 dart slugs
  5 endoplasms
  3 giant cockroaches (D:1)
  10 goblins
  6 hobgoblins
  2 jackals (D:1)
  2 ball pythons (D:1)
  4 bats
  8 kobolds
  6 rats
49 creatures vanquished.

Notes
Turn   | Place    | Note
-------+----------+-------------------------------------------
     0 | D:1      | cforsyth the Kobold Brigand began the quest for the Orb.
     0 | D:1      | Reached XP level 1. HP: 12/12 MP: 1/1
    74 | D:1      | Reached XP level 2. HP: 18/18 MP: 2/2
   427 | D:1      | Found a faded altar of an unknown god.
   473 | D:1      | Reached XP level 3. HP: 22/22 MP: 3/3
   965 | D:2      | Identified the +5 scale mail of Benevolence {rN+ Int+4}
  1023 | D:2      | Noticed Robin
  1170 | D:1      | Killed Robin
  1171 | D:1      | Reached XP level 4. HP: 15/27 MP: 4/4
  1653 | D:2      | Reached skill level 6 in Stealth
  1889 | D:2      | Noticed Terence
  1905 | D:2      | Mangled by Terence

Illustrated notes

Levels and vault maps discovered:
D:1:      eino_arrival_water_star, layout_loops_cross,
          shapermc_ecumenical_altar_mp_vishouse
D:2:      layout_loops_ring, eino_tiny_chamber, minmay_strange_pillars,
          roderic_lattice_a, minmay_misc_feat_pillars, uniq_terence, uniq_robin

Skill      XL: |  1  2  3  4 |
---------------+-------------+-----
Short Blades   | 3 |  3.7
Dodging        | 2 |  2.5
Stealth        | 6 |  6.0
Fighting       | 3 |  3.0
Throwing       | |  2.1

Action                     |  1- 3 |  4- 6 || total
---------------------------+-------+-------++-------
  Melee: Dagger            |    77 |    43 ||   120
    Use: Potion            |     2 |     1 ||     3
   Stab: Sleeping          |    23 |     1 ||    24
 Armour: Robe              |    14 |     6 ||    20
         Skin              |     9 |     2 ||    11
  Dodge: Dodged            |    32 |    29 ||    61

Table legend: (Time is in decaauts)
 A = Elapsed time spent in this place.
 B = Non-inter-level travel time spent in this place.
 C = Inter-level travel time spent in this place.
 D = Time resting spent in this place.
 E = Time spent auto-exploring this place.
 F = Levels seen in this place.
 G = Mean time per level.
                   A        B        C        D        E       F      G
               +--------+--------+--------+--------+--------+-----+--------+
         Total |   1887 |   1833 |     54 |    409 |   1127 |   2 |  943.5 |
       Dungeon |   1887 |   1833 |     54 |    409 |   1127 |   2 |  943.5 |
               +--------+--------+--------+--------+--------+-----+--------+

Top non-repeatable levels by time:
     D:1: 1260 daAuts
     D:2: 626 daAuts
